 Dungeon Crawl Stone Soup version 0.31-a0-229-g1fc7ce93e2 (webtiles) character file.

Game seed: 1513976878547916021

44 qw the Shooter (level 3, -1/21 HPs)
             Began as a Gargoyle Hexslinger on July 6, 2023.
             Slain by a goblin
             ... wielding a +0 club
             ... led by Robin
              (5 damage)
             ... on level 2 of the Dungeon.
             The game lasted 00:00:27 (1019 turns).

qw the Shooter (Gargoyle Hexslinger)                Turns: 1019, Time: 00:00:27

Health: -1/21      AC:  8    Str: 11    XL:     3   Next: 62%
Magic:  4/4        EV: 10    Int: 13    God:
Gold:   15         SH:  0    Dex: 14    Spells: 3/4 levels left

rFire   . . .        Y - +1 sling
rCold   . . .        (no shield)
rNeg    + . .        d - +0 ring mail
rPois   inf          (no helmet)
rElec   +            (no cloak)
rCorr   .            (no gloves)
SInv    .            (no boots)
Will    .....        (no amulet)
Stlth   +            (no ring)
HPRegen 0.23/turn    (no ring)
MPRegen 0.09/turn

%: no passive effects
@: no status effects
A: sickness immunity, AC +3, negative energy resistance 1, electricity
resistance, torment resistance 1, petrification resistance
a: no special abilities


You were on level 2 of the Dungeon.
You visited 1 branch of the dungeon, and saw 2 of its levels.

You collected 15 gold pieces.


Innate Abilities, Weirdness & Mutations

You are immune to sickness and miasma.
Your stone body is resilient. (AC +3)
You are immune to poison.
You resist negative energy. (rN+)
You are resistant to electric shocks. (rElec)
You are resistant to unholy torment.
You are immune to petrification.


   Skills:
 - Level 2.0 Fighting
 + Level 3.5 Ranged Weapons
 - Level 1.5 Dodging
 - Level 1.0 Spellcasting
 - Level 2.6 Hexes


You had 3 spell levels left.
You knew the following spells:

 Your Spells              Type           Power      Damage    Failure   Level
a - Slow                  Hex            28%        N/A       22%         1

Your spell library contained the following spells:

 Spells                   Type           Power      Damage    Failure   Level
 Inner Flame              Hex/Fire       4%         N/A       75%         3
 Portal Projectile        Hex/Tloc       8%         N/A       75%         3
 Cause Fear               Hex            3%         N/A       92%         4

Inventory:

Hand Weapons
 Y - a +1 sling (weapon)
Armour
 d - a +0 ring mail (worn)
Potions
 e - a potion of might {unknown}
 f - a potion of curing {unknown}
 h - a potion of mutation {unknown}

Dungeon Overview and Level Annotations

Branches:
Dungeon (2/15)

Altars:

Shops:
D:1 [!*

Annotations:
D:2 Robin


Message History

The goblin shouts!
A goblin comes into view. It is wielding a +0 club.
You shoot a sling bullet.
The sling bullet barely misses the goblin.
The goblin shouts!
Robin of the Strong Arm comes into view.
They are wielding a +0 club and wearing a +0 helmet of intelligence.
You shoot a sling bullet. The sling bullet hits the goblin!
You kill the goblin!
You shoot a sling bullet.
The sling bullet closely misses the hobgoblin.
The sling bullet hits the goblin.
The goblin is severely wounded.
Robin throws the goblin at you! The goblin barely misses you.
A goblin comes into view. It is wielding a +0 club.
You shoot a sling bullet. The sling bullet hits the goblin.
The goblin is heavily wounded.
The hobgoblin hits you but does no damage.
Robin roars a battlecry!
The goblins go into a battle-frenzy!
The goblin hits you but does no damage. The hobgoblin hits you.
The goblin hits you with a +0 club.
You shoot a sling bullet.
The sling bullet barely misses the goblin.
The goblin hits you but does no damage.
Robin roars a battlecry!
The goblin barely misses you.
You hear a shout!
You shoot a sling bullet.
The sling bullet barely misses the goblin.
The goblin hits you with a +0 dagger.
The hobgoblin hits you but does no damage.
The goblin hits you but does no damage.
You shoot a sling bullet.
The sling bullet closely misses the goblin.
The goblin hits you with a +0 dagger. The hobgoblin hits you.
Robin throws the goblin at you! The goblin completely misses you.
The goblin hits you but does no damage. The goblin barely misses you.
The hobgoblin hits you but does no damage.
The goblin hits you with a +0 club.
You die...

#########....#......
#.##...#####
#......# #..#####
#..# #..# #..# #gg#
#@g# #.g# #g.# #.)#
#..# #..# #..# #...


You could see Robin, a hobgoblin (strong) and 3 goblins.

Vanquished Creatures
  An adder (D:2)
  A worm (D:2)
  A dart slug (D:1)
  3 ball pythons (D:1)
  2 endoplasms (D:1)
  2 giant cockroaches
  4 goblins
  3 hobgoblins
  A bat (D:1)
  3 frilled lizards
  5 kobolds
  3 rats
29 creatures vanquished.

Notes
Turn   | Place    | Note
-------+----------+-------------------------------------------
     0 | D:1      | qw the Gargoyle Hexslinger began the quest for the Orb.
     0 | D:1      | Reached XP level 1. HP: 12/12 MP: 2/2
     0 | D:1      | 0 ||| qw: Version: 0.3-a-46-gb1f654a
     0 | D:1      | 0 ||| qw: Game counter: 1306
     0 | D:1      | 0 ||| qw: Melee chars always use a shield: true
     0 | D:1      | 0 ||| qw: God list: Okawaru
     0 | D:1      | 0 ||| qw: Allow faded altars: false
     0 | D:1      | 0 ||| qw: Do Orc after clearing Dungeon:15 true
     0 | D:1      | 0 ||| qw: Do second Lair branch before Depths: true
     0 | D:1      | 0 ||| qw: Lair rune preference: random
     0 | D:1      | 0 ||| qw: Goals: Normal
     0 | D:1      | 0 ||| PLANNING D:1-11
   212 | D:1      | Reached XP level 2. HP: 15/16 MP: 3/3
   227 | D:1      | Found Belemu's Antique Armour Shop.
   235 | D:1      | 235 ||| SHOPLISTING glowing ring mail (112 gold, have 0).
   235 | D:1      | 235 ||| SHOPLISTING pair of gloves (72 gold, have 0).
   363 | D:1      | Found a faded altar of an unknown god.
   368 | D:1      | Reached skill level 3 in Ranged Weapons
   372 | D:1      | 372 ||| FLEEEEING.
   392 | D:1      | Found Lufemnog's Distillery.
   395 | D:1      | 395 ||| SHOPLISTING potion of enlightenment (60 gold, have
                  | 0).
   395 | D:1      | 395 ||| SHOPLISTING potion of haste (120 gold, have 0).
   588 | D:1      | Found Ziatec's General Store.
   591 | D:1      | 591 ||| SHOPLISTING +8 orcbow of the Candelabrum {drain,
                  | *Slow +Blink rElec rCorr} (673 gold, have 0).
   591 | D:1      | 591 ||| SHOPLISTING potion of curing (30 gold, have 0).
   591 | D:1      | 591 ||| SHOPLISTING ring of fire (250 gold, have 0).
   591 | D:1      | 591 ||| SHOPLISTING scroll of brand weapon (95 gold, have
                  | 0).
   591 | D:1      | 591 ||| SHOPLISTING scroll of identify (20 gold, have 0).
   766 | D:1      | 766 ||| UPGRADING to +0 ring mail.
   776 | D:1      | 776 ||| DROPPING +0 robe.
   777 | D:1      | 777 ||| READING scroll labelled WONASO ZUEKU.
   778 | D:1      | 778 ||| DROPPING scroll of poison.
   807 | D:2      | 807 ||| STAIRDANCE
   811 | D:1      | Reached XP level 3. HP: 21/21 MP: 4/4
   851 | D:2      | 851 ||| FLEEEEING.
   852 | D:2      | 852 ||| FLEEEEING.
   856 | D:2      | 856 ||| STAIRDANCE
   874 | D:1      | 874 ||| READING scroll labelled DYFARHOU BIECY.
  1013 | D:2      | Noticed Robin
  1019 | D:2      | HP: 4/21 [hobgoblin[Robin] (4)]
  1019 | D:2      | Slain by a goblin

Levels and vault maps discovered:
D:1:      nicolae_arrival_somewhat_less_tricky_arrival, layout_loops_ring,
          hellmonk_ecumenical_altar_zigzags, serial_shops,
          nicolae_shop_behind_doors, nicolae_shop_behind_doors, shop
D:2:      layout_loops_ring, serial_shops, nicolae_shop_back_alley_shop,
          uniq_robin

Skill      XL: |  1  2 |
---------------+-------+-----
Ranged Weapons | 3 |  3.5
Fighting       | 2 |  2.0
Dodging        | |  1.5
Spellcasting   | |  1.0
Hexes          | |  2.6

Action                     || total
---------------------------++-------
   Fire: Sling             ||   116
    Use: Scroll            ||     2
 Armour: Robe              ||     9
         Ring mail         ||    20
  Dodge: Dodged            ||    32

Table legend:
 A = Non-vault XP
 B = Vault XP
 C = Vault XP percentage of total XP
 D = Non-vault monster count
 E = Vault monster count
 F = Vault count percentage of total count
                 A         B        C        D         E       F
            +---------+---------+-------+---------+---------+-------
      Total |      62 |       2 |   3.1 |      28 |       1 |   3.4
            +---------+---------+-------+---------+---------+-------
        D:1 |      34 |       0 |   0.0 |      19 |       0 |   0.0
        D:2 |      28 |       2 |   6.7 |       9 |       1 |  10.0
            +---------+---------+-------+---------+---------+-------
